 Dungeon Crawl Stone Soup version 0.23-a0-143-g1adec7bb76 (webtiles) character file.

100132 GordonOverkill the Severer (level 15, -8/155 HPs)
             Began as a White Draconian Abyssal Knight on Sept 6, 2018.
             Was a Priest of Lugonu.
             Mangled by a frost giant
             ... wielding a +2 battleaxe of freezing
              (20 damage)
             ... on level 15 of the Dungeon.
             The game lasted 01:23:58 (46574 turns).

GordonOverkill the Severer (DrAK)                  Turns: 46574, Time: 01:23:58

Health: -8/155     AC: 10    Str: 23    XL:     15   Next: 79%
Magic:  3/22       EV: 14    Int: 15    God:    Lugonu [***...]
Gold:   2014       SH: 13    Dex: 11    Spells: 11/14 levels left

rFire    . . .     SeeInvis .   R - +2 war axe (vamp)
rCold    + . .     Gourm    +   z - +0 shield
rNeg     . . .     Faith    .   (armour unavailable)
rPois    +         Spirit   .   h - +1 hat
rElec    .         Reflect  .   (no cloak)
rCorr    .         Harm     .   S - +0 pair of gloves
MR       ++...                  o - +2 pair of boots
Stlth    +.........             C - amulet of the gourmand
HPRegen  0.35/turn              d - ring of poison resistance
MPRegen  0.18/turn              j - +5 ring of strength

@: corroded, berserk cooldown, slowed, very slow
A: breathe frost, unfitting armour, antennae 1, cold resistance 1, magic
resistance 1, robust 1, cold-blooded, AC +9
a: Breathe Frost, Depart the Abyss, Bend Space, Banish, Renounce Religion


You were on level 15 of the Dungeon.
You worshipped Lugonu.
Lugonu was most pleased with you.
You were not hungry.

You visited 4 branches of the dungeon, and saw 24 of its levels.
You visited the Abyss 1 time.
You also visited: Ice Cave and Volcano.

You collected 2356 gold pieces.
You spent 342 gold pieces at shops.

Inventory:

Hand Weapons
 a - a +0 war axe of freezing
 b - a +2 hand axe of flaming
 R - a +2 vampiric war axe (weapon)
 T - a +0 broad axe
Missiles
 V - a throwing net (quivered)
Armour
 h - a +1 hat (worn)
 o - a +2 pair of boots (worn)
 z - a +0 shield (worn)
 S - a +0 pair of gloves (worn)
Jewellery
 d - a ring of poison resistance (left hand)
 j - a +5 ring of strength (right hand)
 l - an uncursed ring of positive energy
 C - an amulet of the gourmand (around neck)
Wands
 s - a wand of flame (38)
 u - a wand of random effects (76)
 y - a wand of acid (3)
 G - a wand of scattershot (1)
 I - a wand of polymorph (23)
 J - a wand of digging (22)
 K - a wand of iceblast (20)
 U - a wand of disintegration (18)
 W - a wand of paralysis (9)
Scrolls
 e - 11 scrolls of remove curse
 f - 5 scrolls of fog
 i - 4 scrolls of magic mapping
 r - 10 scrolls of teleportation
 E - 4 scrolls of enchant weapon
 F - 2 scrolls of amnesia
 H - 5 scrolls of identify
 O - a scroll of holy word
Potions
 g - 4 potions of lignification
 k - 2 potions of ambrosia
 m - 4 potions of flight
 n - a potion of mutation
 t - 6 potions of brilliance
 v - a potion of invisibility
 w - a potion of cancellation
 D - 2 potions of might
 L - 5 potions of curing
 M - a potion of resistance
Miscellaneous
 x - a phantom mirror
 B - a lamp of fire
 P - a lightning rod (4/4)
Comestibles
 q - 36 rations


   Skills:
 - Level 15.0 Fighting
 - Level 16.0 Axes
 - Level 6.0 Dodging
 + Level 12.8 Shields
 - Level 7.0 Hexes
 - Level 10.0 Invocations
 - Level 5.0 Evocations


You had 11 spell levels left.
You knew the following spells:

 Your Spells              Type           Power        Failure   Level  Hunger
a - Spectral Weapon       Hex/Chrm       ##......     26%         3    ####...

Your spell library contained the following spells:

 Spells                   Type           Power        Failure   Level  Hunger
 Slow                     Hex            ###.....     3%          2    ###....
 Ensorcelled Hibernation  Hex/Ice        ##....       13%         2    ###....
 Dazzling Spray           Conj/Hex       ##....       26%         3    ####...
 Beastly Appendage        Tmut           #.....       34%         1    ##.....
 Freeze                   Ice            #...         34%         1    ##.....
 Infusion                 Chrm           #...         34%         1    ##.....
 Magic Dart               Conj           #...         34%         1    ##.....
 Sandblast                Erth           #.....       34%         1    ##.....
 Blink                    Tloc           N/A          47%         2    ###....
 Call Imp                 Summ           #.......     47%         2    ###....
 Passwall                 Tmut/Erth      #.......     47%         2    ###....
 Searing Ray              Conj           #.....       47%         2    ###....
 Shroud of Golubria       Chrm/Tloc      #.........   47%         2    ###....
 Song of Slaying          Chrm           #.......     47%         2    ###....
 Fulminant Prism          Conj/Hex       ##........   63%         4    #####..
 Conjure Flame            Conj/Fire      #.......     71%         3    ####...
 Ignite Poison            Fire/Tmut/Pois #.......     71%         3    ####...
 Mephitic Cloud           Conj/Pois/Air  #.......     71%         3    ####...
 Regeneration             Chrm/Necr      #.........   71%         3    ####...
 Stone Arrow              Conj/Erth      #.....       71%         3    ####...
 Metabolic Englaciation   Hex/Ice        ##........   93%         5    ######.
 Force Lance              Conj/Tloc      #.......     98%         4    #####..
 Ice Form                 Ice/Tmut       #.......     98%         4    #####..
 Iskenderun's Mystic Bla  Conj           #.......     98%         4    #####..
 Petrify                  Tmut/Erth      #.......     98%         4    #####..
 Lee's Rapid Deconstruct  Erth           #.........   100%        5    ######.
 Hydra Form               Tmut           #.........   100%        6    #######
 Iron Shot                Conj/Erth      #.........   100%        6    #######


Dungeon Overview and Level Annotations

Branches:
Dungeon (15/15)            Temple (1/1) D:4            Lair (6/6) D:9
  Swamp (0/4) Lair:4       Spider (0/4) Lair:2        Slime (0/5) Lair:5
    Orc (2/2) D:12            Elf (0/3) Orc:2        Vaults (0/5) D:14
 Depths (0/5) D:15

Altars:
Ashenzari
Elyvilon
Fedhas
Gozag
Hepliaklqana
Okawaru
Ru
Sif Muna
Uskayaw
Vehumet
Wu Jian
Xom
Yredelemnul
Zin
Beogh
Jiyva

Shops:
D:5 *   Orc:2 }[[?

Annotations:
D:14 exclusion: ice statue
Lair:2 3 runed doors, P0WERM0DE's ghost, journeyman VSFi
Lair:4 3 runed doors, Decaceac's ghost, journeyman GrFi; Idghatic's ghost, journeyman GnAE; RKaid's ghost, journeyman OpAE
Lair:5 1 runed door
Abyss:1 Erolcha; Grinder; Nessos


Innate Abilities, Weirdness & Mutations

You can breathe waves of freezing cold.
You can buffet flying creatures when you breathe cold.
Your icy white scales are hard. (AC +9)
You cannot fit into any form of body armour.
Your flesh is cold resistant. (rC+)
You are cold-blooded and may be slowed by cold attacks.
You have a pair of small antennae on your head.
You are resistant to hostile enchantments. (MR+)
You are robust. (+10% HP)


Message History

You hit the centaur warrior skeleton. You slash the centaur warrior skeleton!
The centaur warrior skeleton is severely damaged.
You block the centaur warrior skeleton's attack.
You slice the centaur warrior skeleton!!
You destroy the centaur warrior skeleton!
Lugonu accepts your kill.
You feel a strong urge to attack something.
Your magical contamination has completely faded away.
You feel your anger nearly subside.
You are no longer berserk.
You are exhausted.
You feel yourself slow down.
As you read the scroll of teleportation, it crumbles to dust.
You feel strangely unstable. The basilisk gazes at you.
You resist with almost no effort.
Your surroundings suddenly seem different.
You block the frost giant's attack.
The frost giant hits you with a runed battleaxe!!
You die...

#########.........(#####...#
...........................p#
.....................(......#
..........############.(....#
..........#{ ...≈ #......##
.........#+###≈≈≈#.≈#........
.........#...#......#........
.####....#.C.'..≈# +....####
#....#..@# #....#...
###..#+### #....#... #..#{
#....#...
#..############....'...
#..................#...
##..................#...
.#...................####
..'.......##########......
#.#.......# #......


You could see a frost giant.

Vanquished Creatures
  Gastronok (D:9)
  A sphinx (D:13)
  An orc warlord (D:13)
  A reaper (IceCv)
  3 ogre magi
  2 yaktaur captains (D:13)
  A hydra (Lair:6)
  A catoblepas (Lair:6)
  4 death yaks (Lair:3)
  7 centaur warriors
  16 two-headed ogres
  A tengu warrior (D:15)
  2 orc high priests (Orc:2)
  3 skeletal warriors (D:11)
  An unseen horror (D:15)
  A wizard (D:13)
  3 orc knights (Orc:2)
  3 orc sorcerers
  4 cyclopes
  8 ugly things
  4 elephants
  A manticore (D:11)
  2 ice statues (IceCv)
  2 black mambas
  3 centaur zombies
  A gargoyle (D:15)
  13 spiny frogs
  2 yaktaurs (D:14)
  5 rime drakes
  A redback zombie (D:15)
  A yaktaur (shapeshifter) (D:14)
  7 ice devils (IceCv)
  A komodo dragon (Lair:6)
  11 trolls
  A polar bear (Lair:2)
  A hornet (D:14)
  A troll (shapeshifter) (D:13)
  12 blink frogs
  11 hippogriffs
  6 dream sheep
  A slime creature (D:13)
  2 shadows (D:12)
  A vampire (D:15)
  2 wraiths
  34 yaks
  8 wyverns
  3 hogs (D:7)
  A yak (shapeshifter) (D:14)
  2 fire bats (Volcano)
  A human (D:7)
  Eustachio (D:5)
  4 vampire mosquitoes (D:15)
  Edmund (D:4)
  2 wargs (D:12)
  4 swamp worms (Lair:4)
  2 hell hounds (Lair:2)
  8 water moccasins
  22 orc warriors
  16 porcupines
  6 sky beasts
  2 ice beasts
  4 phantoms
  8 wolves
  19 ogres
  15 centaurs
  An eye of draining (D:12)
  14 crocodiles
  4 big kobolds
  26 bullfrogs
  A gnoll sergeant (D:9)
  A water moccasin zombie (D:10)
  A wyvern skeleton (D:7)
  A water moccasin skeleton (D:6)
  5 scorpions
  12 killer bees
  6 wights
  6 howler monkeys
  2 electric eels (D:9)
  9 crimson imps
  3 lava snakes (Volcano)
  3 quasits
  2 bullfrog zombies
  10 hounds
  4 jellies
  3 bullfrog skeletons
  20 orc priests
  24 orc wizards
  6 centaur skeletons
  7 iguanas
  10 worker ants
  A statue (D:8)
  A hound zombie (D:6)
  A hound skeleton (D:10)
  2 worker ant zombies
  Robin (D:2)
  3 gnolls (D:9)
  2 howler monkey skeletons
  12 adders
  A shadow imp (D:9)
  20 white imps
  4 ufetubi (IceCv)
  An ooze (D:7)
  An adder zombie (D:9)
  2 adder skeletons
  9 worms
  2 dart slugs
  5 leopard geckos
  95 orcs
  10 bats
  3 giant cockroaches
  17 goblins
  9 hobgoblins
  4 jackals (D:7)
  4 quokkas
  A ball python (D:1)
  5 frilled lizards
  20 kobolds
  A leopard gecko skeleton (D:4)
  A leopard gecko zombie (D:2)
  A quokka skeleton (D:9)
  A quokka zombie (D:8)
  5 rats
  A bush (D:11)
  A butterfly (Lair:4)
  2 fungi
  3 plants
752 creatures vanquished.

Vanquished Creatures (others)
  A sphinx (D:12)
  2 storm dragons (D:12)
  A yaktaur captain (D:14)
  2 hydras (Lair:3)
  2 death knights
  A catoblepas (Lair:5)
  2 two-headed ogres
  2 orc high priests
  A hell knight (Volcano)
  2 orc sorcerers (Orc:2)
  3 ugly things (D:15)
  3 oklob plants (Lair:4)
  A molten gargoyle (Volcano)
  A spiny frog (Lair:5)
  A gargoyle (Volcano)
  A rime drake (Lair:5)
  2 komodo dragons (Lair:1)
  A tyrant leech (Lair:4)
  A polar bear (Lair:6)
  A blink frog (Lair:5)
  A vampire (D:9)
  A hog (D:7)
  A sky beast (D:9)
  A wolf (Lair:1)
  4 ogres
  5 white imps (IceCv)
  4 ufetubi (IceCv)
  An orc (Orc:1)
  A bush (D:11)
  8 fungi
  5 plants
  3 withered plants (Lair:4)
66 creatures vanquished.

Grand Total: 818 creatures vanquished

Notes
Turn   | Place    | Note
-------+----------+-------------------------------------------
     0 | Abyss:1  | GordonOverkill the Draconian Abyssal Knight began the quest
                  | for the Orb.
     0 | Abyss:1  | Reached XP level 1. HP: 19/19 MP: 2/2
    43 | D:1      | Escaped the Abyss
   106 | D:1      | Reached XP level 2. HP: 25/26 MP: 3/3
   281 | D:1      | Reached ** piety under Lugonu
   281 | D:1      | Reached skill level 3 in Axes
   592 | D:2      | Reached XP level 3. HP: 33/33 MP: 4/4
  1156 | D:2      | Reached XP level 4. HP: 27/40 MP: 5/5
  1160 | D:2      | Noticed Robin
  1447 | D:3      | Reached skill level 4 in Axes
  1581 | D:3      | Reached XP level 5. HP: 33/47 MP: 6/6
  1707 | D:2      | Killed Robin
  2010 | D:2      | Found an ornate altar of the Wu Jian Council.
  2923 | D:3      | Reached *** piety under Lugonu
  3034 | D:3      | Reached skill level 5 in Axes
  3365 | D:3      | Found an iron altar of Okawaru.
  3654 | D:3      | Reached skill level 1 in Shields
  3723 | D:4      | Found a hide-covered altar of Uskayaw.
  3723 | D:4      | Found a basalt altar of Yredelemnul.
  3728 | D:4      | Reached XP level 6. HP: 55/55 MP: 7/7
  3778 | D:4      | Reached skill level 5 in Fighting
  3789 | D:4      | Found a staircase to the Ecumenical Temple.
  3817 | Temple   | Entered the Ecumenical Temple
  4158 | D:4      | Found a white marble altar of Elyvilon.
  4165 | D:4      | Found a hazy altar of Hepliaklqana.
  4476 | D:4      | Your scales start taking on an icy white colour.
  4476 | D:4      | Reached XP level 7. HP: 58/61 MP: 9/9
  4476 | D:4      | Gained mutation: Your flesh is cold resistant. (rC+) [White
                  | Draconian growth]
  4527 | D:4      | Noticed Edmund
  4542 | D:4      | Killed Edmund
  4753 | D:4      | Noticed Grinder
  4754 | D:4      | Banished Grinder
  4791 | D:4      | Reached skill level 5 in Invocations
  5035 | D:4      | Found a glowing silver altar of Zin.
  5189 | D:5      | Entered Level 5 of the Dungeon
  5193 | D:5      | Reached skill level 6 in Axes
  5400 | D:5      | Reached **** piety under Lugonu
  5400 | D:5      | Reached XP level 8. HP: 58/68 MP: 12/12
  5935 | D:5      | Noticed Eustachio
  5957 | D:5      | Killed Eustachio
  6023 | D:5      | Found an opulent altar of Gozag.
  6023 | D:5      | Found Gozag's Platinum Reserve.
  6157 | D:5      | Found a sacrificial altar of Ru.
  6614 | D:6      | Reached skill level 7 in Axes
  6782 | D:6      | Reached skill level 8 in Axes
  6954 | D:6      | Reached XP level 9. HP: 56/74 MP: 10/14
  7959 | D:7      | Reached skill level 9 in Axes
  8631 | D:7      | Reached skill level 10 in Axes
  9233 | D:7      | Found a shattered altar of Ashenzari.
  9407 | D:8      | Reached skill level 11 in Axes
  9509 | D:8      | Reached XP level 10. HP: 78/81 MP: 16/16
  9565 | D:8      | Found a radiant altar of Vehumet.
  9660 | D:8      | Found a shimmering altar of Xom.
  9681 | D:8      | Found a shimmering altar of Xom.
  9681 | D:8      | Found a shimmering altar of Xom.
  9721 | D:8      | Found a blossoming altar of Fedhas.
 10026 | D:9      | Noticed a two-headed ogre
 10040 | D:9      | Banished a two-headed ogre
 10874 | D:9      | Reached skill level 12 in Axes
 10964 | D:9      | Found a staircase to the Lair.
 12226 | D:9      | Noticed Gastronok
 12228 | D:9      | Noticed a two-headed ogre
 12235 | D:9      | Killed a two-headed ogre
 12239 | D:9      | Killed Gastronok
 12239 | D:9      | Reached skill level 13 in Axes
 12239 | D:9      | Reached XP level 11. HP: 63/92 MP: 17/17
 13020 | D:9      | Found a deep blue altar of Sif Muna.
 13076 | D:10     | Entered Level 10 of the Dungeon
 14302 | D:10     | Reached ***** piety under Lugonu
 14484 | D:10     | Reached skill level 14 in Axes
 14967 | Lair:1   | Entered Level 1 of the Lair of Beasts
 15494 | Lair:1   | Found a shimmering altar of Xom.
 15556 | Lair:1   | Noticed a six-headed hydra
 15569 | Lair:1   | Banished a six-headed hydra
 15864 | Lair:1   | Reached skill level 15 in Axes
 16621 | Lair:1   | Reached XP level 12. HP: 82/101 MP: 18/18
 17662 | Lair:2   | Found a dark tunnel.
 17751 | Volcano  | Entered a volcano
 17815 | Volcano  | Reached skill level 16 in Axes
 18835 | Volcano  | Found a radiant altar of Vehumet.
 18835 | Volcano  | Noticed a centaur warrior
 18842 | Volcano  | Killed a centaur warrior
 19415 | Lair:2   | Found a hole to the Spider Nest.
 19505 | Lair:1   | Reached skill level 10 in Invocations
 20117 | Lair:2   | Found a runed gate.
 20123 | Lair:2   | Found a runed gate.
 20123 | Lair:2   | Found a runed gate.
 20126 | Lair:2   | Found a viscous altar of Jiyva.
 20126 | Lair:2   | Noticed P0WERM0DE's ghost (journeyman VSFi)
 20347 | Lair:3   | Identified the Catalogue of the Mackerel
 20384 | Lair:3   | Noticed a five-headed hydra
 20411 | Lair:2   | Reached skill level 10 in Fighting
 20994 | Lair:3   | Banished a five-headed hydra
 21210 | Lair:3   | Noticed a death yak
 21212 | Lair:3   | Noticed a death yak
 21214 | Lair:3   | Noticed a death yak
 21220 | Lair:3   | Noticed a death yak
 21238 | Lair:3   | Killed a death yak
 21244 | Lair:3   | Killed a death yak
 21250 | Lair:3   | Killed a death yak
 21665 | Lair:3   | Reached XP level 13. HP: 102/117 MP: 20/20
 23554 | Lair:4   | Found a runed gate.
 23554 | Lair:4   | Found a runed gate.
 23554 | Lair:4   | Found a runed gate.
 24234 | Lair:4   | Noticed RKaid's ghost (journeyman OpAE)
 24234 | Lair:4   | Noticed Decaceac's ghost (journeyman GrFi)
 24238 | Lair:4   | Noticed Idghatic's ghost (journeyman GnAE)
 24387 | Lair:4   | Reached skill level 5 in Dodging
 24570 | Lair:4   | Found a staircase to the Swamp.
 26481 | Lair:5   | Found a runed door.
 26483 | Lair:5   | Found a viscous altar of Jiyva.
 26483 | Lair:5   | Noticed an acid blob
 26486 | Lair:5   | Noticed an acid blob
 26487 | Lair:5   | Found a staircase to the Slime Pits.
 26782 | Lair:5   | Noticed Nessos
 26784 | Lair:5   | Banished Nessos
 27265 | Lair:6   | Entered Level 6 of the Lair of Beasts
 28390 | Lair:6   | Reached skill level 1 in Evocations
 29792 | D:11     | Reached XP level 14. HP: 93/133 MP: 21/21
 31786 | D:12     | Reached skill level 15 in Fighting
 32060 | D:12     | Noticed a sphinx
 32080 | D:12     | Banished a sphinx
 32080 | D:12     | Reached skill level 5 in Shields
 32402 | D:12     | Noticed a tengu reaver
 32404 | D:12     | Banished a tengu reaver
 32507 | D:12     | Noticed Erolcha
 32508 | D:12     | Banished Erolcha
 32871 | D:12     | Found a staircase to the Orcish Mines.
 32898 | D:12     | Noticed a storm dragon
 32909 | D:12     | Banished a storm dragon
 33406 | D:12     | Noticed a storm dragon
 33407 | D:12     | Banished a storm dragon
 33573 | Orc:1    | Entered Level 1 of the Orcish Mines
 33576 | Orc:1    | Found a frozen archway.
 33610 | IceCv    | Entered an ice cave
 33831 | IceCv    | Learned a level 3 spell: Spectral Weapon
 34278 | IceCv    | Reached skill level 1 in Hexes
 35126 | IceCv    | Noticed a reaper
 35147 | IceCv    | Killed a reaper
 35368 | IceCv    | Identified the Collected Works on Dusty Cold
 36941 | D:12     | Gained mutation: You are occasionally teleported next to
                  | monsters. [a neqoxec]
 37592 | Orc:1    | Found a roughly hewn altar of Beogh.
 37662 | Orc:2    | Entered Level 2 of the Orcish Mines
 37734 | Orc:2    | Found Arolur's Gadget Shop.
 37737 | Orc:2    | Found Gionk's Magic Scroll Emporium.
 37737 | Orc:2    | Found Kezupn's Antique Armour Shop.
 37740 | Orc:2    | Found a staircase to the Elven Halls.
 39264 | Orc:2    | Gained mutation: Your body sometimes deteriorates upon
                  | taking damage. [a neqoxec]
 39266 | Orc:2    | Gained mutation: Scrolls take you a little longer to read.
                  | [a neqoxec]
 39324 | Orc:2    | Reached skill level 5 in Hexes
 40497 | Orc:2    | Found Daothrefoth's Antique Armour Emporium.
 40521 | Orc:2    | Bought a smoking large shield for 190 gold pieces
 40523 | Orc:2    | Identified the cursed +0 large shield of Exclusion {+Blink
                  | MR+++ Int-4 Dex-2} (You bought it in a shop on level 2 of
                  | the Orcish Mines)
 40535 | Orc:2    | Bought a scroll of teleportation for 48 gold pieces
 40535 | Orc:2    | Bought a scroll of magic mapping for 56 gold pieces
 40535 | Orc:2    | Bought a scroll of teleportation for 48 gold pieces
 41857 | D:13     | Noticed a sphinx
 41867 | D:13     | Killed a sphinx
 41867 | D:13     | Reached XP level 15. HP: 96/141 MP: 22/22
 42061 | D:13     | Found a basalt altar of Yredelemnul.
 42888 | D:13     | Noticed an orc warlord
 42897 | D:13     | Killed an orc warlord
 43604 | D:14     | Reached skill level 10 in Shields
 43995 | D:14     | Found a gate to the Vaults.
 44016 | D:14     | Reached skill level 5 in Evocations
 44190 | D:14     | Lost mutation: Your body sometimes deteriorates upon taking
                  | damage. [potion of mutation]
 44190 | D:14     | Lost mutation: You are occasionally teleported next to
                  | monsters. [potion of mutation]
 44190 | D:14     | Lost mutation: Scrolls take you a little longer to read.
                  | [potion of mutation]
 44190 | D:14     | Gained mutation: You are robust. (+10% HP) [potion of
                  | mutation]
 44190 | D:14     | Gained mutation: You are resistant to hostile enchantments.
                  | (MR+) [potion of mutation]
 44190 | D:14     | Gained mutation: You have a pair of small antennae on your
                  | head. [potion of mutation]
 45033 | D:15     | Entered Level 15 of the Dungeon
 46574 | D:15     | Found a staircase to the Depths.
 46574 | D:15     | Mangled by a frost giant

Vault maps used:
D:1:      lemuel_arrival_hallway
D:2:      old_standard_altar, minmay_door_square, minmay_cut_off, uniq_robin
D:3:      first_ration, okawaru_gym_becter
D:4:      kennysheep_mini_moat, elyvilon_altar_5, lemuel_round_altar,
          grunt_temple_overflow_open, minmay_temple_entry_trees, uniq_grinder,
          uniq_edmund
D:5:      wad_pebble_path, nicolae_gozag_zags_fifth_avenue,
          lemuel_coloured_pillars_altar, uniq_eustachio
D:6:      wad_crossroads
D:7:      marbit_many_paths, grunt_livestock
D:8:      xom_redecorated, lemuel_crystal_altar, vehumet_statue
D:9:      tgw_sif, erik_lair_island, serial_bayou_crossing, uniq_gastronok
D:11:     minmay_hedge_maze
D:12:     minmay_containers, hiddenorc1_lemuel, evilmike_minifort, uniq_erolcha
D:13:     minmay_chopped_fan, basic_altar
D:14:     cheibrodos_frozen_isle, david_vaults_2
D:15:     grunt_enter_depths_snipers, minmay_misc_feat_nine_boxes
Temple:   nicolae_temple_figure_zero
Lair:1:   basic_altar, beast_lair_carwin_1, grunt_megastairs_2
Lair:2:   nicolae_spider_entry_non_spiders, enter_volcano_3,
          gammafunk_ghost_ooze
Lair:3:   minivault_27
Lair:4:   minmay_swamp_entry_worms, gammafunk_ghost_cemetery, minmay_holes,
          minmay_lair_oklob_chamber, lemuel_fruit_fields
Lair:5:   slime_altar_2, grunt_megastairs_4, serial_bayou_shore_b, uniq_nessos
Lair:6:   due_jungle_book
Orc:1:    portal_ice_cave_entry_imps, nicolae_orc_lost_temple
Orc:2:    st_orc_elflike, statue_in_the_mist_lemuel, nicolae_orc_lava_tube
Abyss:1:  evilmike_abyss_exit_14
IceCv:    ice_cave_small_demon
Volcano:  volcano_lake

Skill      XL: |  1  2  3  4  5  6  7  8  9 10 11 12 13 14 15 |
---------------+----------------------------------------------+-----
Axes           | 3 4 5 6 8 11 13 15 16 | 16.0
Fighting       | 4 5 7 8 11 14 15 | 15.0
Shields        | 1 2 3 4 9 12 | 12.8
Invocations    | 3 5 7 8 9 10 | 10.0
Dodging        | 3 6 |  6.0
Evocations     | 3 4 5 |  5.0
Hexes          | 6 7 |  7.0

Action                   |  1- 3 |  4- 6 |  7- 9 | 10-12 | 13-15 || total
-------------------------+-------+-------+-------+-------+-------++-------
Melee: Hand axe          |   129 |   200 |       |       |       ||   329
       Tailslap          |    16 |    18 |    40 |   125 |   325 ||   524
       War axe           |       |    34 |   353 |   838 |  1657 ||  2882
       Flail             |       |       |       |     3 |       ||     3
Throw: Stone             |       |    42 |    25 |     9 |     3 ||    79
Invok: Banish            |       |       |     4 |    15 |    54 ||    73
       Bend Space        |       |       |     1 |     1 |    11 ||    13
 Abil: Breathe Frost     |       |       |     4 |    10 |    17 ||    31
Evoke: Wand              |       |       |       |    10 |    17 ||    27
       Lamp of fire      |       |       |       |     1 |     1 ||     2
       Lightning rod     |       |       |       |       |     4 ||     4
  Use: Scroll            |     1 |    10 |     5 |    11 |    16 ||    43
       Potion            |       |     2 |     1 |     6 |     7 ||    16
 Stab: Sleeping          |       |       |     3 |       |     1 ||     4
  Eat: Chunk             |     1 |    10 |    16 |    47 |    93 ||   167
       Ration            |       |       |     1 |     2 |     1 ||     4
Armor: Skin              |    48 |    67 |   119 |   196 |   307 ||   737
Dodge: Dodged            |    79 |   160 |   201 |   442 |   597 ||  1479
Block: Buckler           |       |    20 |    82 |   132 |    72 ||   306
       Shield            |       |       |       |       |   475 ||   475

Table legend:
 A = Non-vault XP
 B = Vault XP
 C = Vault XP percentage of total XP
 D = Non-vault monster count
 E = Vault monster count
 F = Vault count percentage of total count
                 A         B        C        D         E       F
            +---------+---------+-------+---------+---------+-------
      Total |   97457 |   45590 |  31.9 |     608 |     185 |  23.3
            +---------+---------+-------+---------+---------+-------
        D:1 |      36 |       0 |   0.0 |      20 |       0 |   0.0
        D:2 |     107 |      43 |  28.7 |      23 |      13 |  36.1
        D:3 |     161 |       0 |   0.0 |      22 |       0 |   0.0
        D:4 |     576 |     298 |  34.1 |      24 |       2 |   7.7
        D:5 |     446 |     188 |  29.7 |      10 |       1 |   9.1
        D:6 |    1092 |      20 |   1.8 |      26 |       1 |   3.7
        D:7 |    1173 |    1075 |  47.8 |      24 |       6 |  20.0
        D:8 |     647 |     151 |  18.9 |      17 |       2 |  10.5
        D:9 |    3955 |    2952 |  42.7 |      46 |       7 |  13.2
       D:10 |    4613 |       0 |   0.0 |      48 |       0 |   0.0
       D:11 |    7696 |       0 |   0.0 |      41 |       0 |   0.0
       D:12 |    7381 |    7192 |  49.4 |      47 |      26 |  35.6
       D:13 |    3545 |   10526 |  74.8 |      20 |      12 |  37.5
       D:14 |    7006 |    1467 |  17.3 |      24 |       3 |  11.1
       D:15 |   21868 |       0 |   0.0 |      43 |       0 |   0.0
     Temple |     124 |       0 |   0.0 |       7 |       0 |   0.0
     Lair:1 |    4701 |    2318 |  33.0 |      26 |      13 |  33.3
     Lair:2 |    4725 |     412 |   8.0 |      21 |       8 |  27.6
     Lair:3 |    7761 |       0 |   0.0 |      22 |       0 |   0.0
     Lair:4 |    6344 |    2592 |  29.0 |      24 |      14 |  36.8
     Lair:5 |    4488 |    1574 |  26.0 |      16 |       6 |  27.3
     Lair:6 |    5845 |       0 |   0.0 |      15 |       0 |   0.0
      Orc:1 |     592 |     125 |  17.4 |       9 |      12 |  57.1
      Orc:2 |    2575 |    7079 |  73.3 |      33 |      24 |  42.1
      IceCv |       0 |    4875 | 100.0 |       0 |      22 | 100.0
    Volcano |       0 |    2703 | 100.0 |       0 |      13 | 100.0
            +---------+---------+-------+---------+---------+-------
